 Dungeon Crawl Stone Soup version 0.24.0-125-gc4c63601f3 (webtiles) character file.

Game seed: 5914235235462131956, levelgen mode: deterministic

64 nightchill the Caller (level 3, 0/26 HPs)
             Began as a Vampire Summoner on Mar 21, 2020.
             Slain by Sigmund
             ... wielding a +0 scythe of slicing
              (3 damage)
             ... on level 2 of the Dungeon.
             The game lasted 00:08:26 (1671 turns).

nightchill the Caller (Vampire Summoner)            Turns: 1671, Time: 00:08:27

Health: 0/26       AC:  2    Str:  8    XL:     3   Next: 91%
Magic:  3/6        EV: 12    Int: 17    God:
Gold:   144        SH:  0    Dex: 14    Spells: 0/6 levels left

rFire    . . .     SeeInvis +   h - +0 whip
rCold    . . .     Gourm    .   (no shield)
rNeg     . . .     Faith    .   a - +0 robe
rPois    .         Spirit   .   (no helmet)
rElec    .         Reflect  .   (no cloak)
rCorr    .         Harm     .   (no gloves)
MR       .....                  (no boots)
Stlth    ++........             (no amulet)
HPRegen  0.28/turn              (no ring)
MPRegen  0.10/turn              (no ring)

@: regenerating quickly
A: no food, fangs 3, see invisible, unbreathing
a: Exsanguinate


You were on level 2 of the Dungeon.
You were alive.

You visited 1 branch of the dungeon, and saw 2 of its levels.

You collected 144 gold pieces.

Inventory:

Hand Weapons
 b - a +0 club
 e - a +0 dagger
 h - a +0 whip (weapon)
Missiles
 f - 57 stones (quivered)
Armour
 a - a +0 robe (worn)
 l - a +0 leather armour
Scrolls
 d - a scroll of identify {unknown}
 g - a scroll of remove curse {unknown}
 i - a scroll of enchant armour {unknown}
 j - a scroll of fog {unknown}
Potions
 c - 2 potions of degeneration {unknown}
 k - 2 potions of heal wounds {unknown}
 m - a potion of brilliance {unknown}


   Skills:
 + Level 1.5 Fighting
 - Level 2.1 Dodging
 - Level 3.0 Stealth
 + Level 2.0 Spellcasting
 * Level 5.1 Summonings


You couldn't memorise any spells.
You knew the following spells:

 Your Spells              Type           Power        Failure   Level  Hunger
a - Summon Small Mammal   Summ           ###.         2%          1    N/A
b - Call Imp              Summ           ###.....     3%          2    N/A
c - Call Canine Familiar  Summ           ###.....     7%          3    N/A

Your spell library contained the following spells:

 Spells                   Type           Power        Failure   Level  Hunger
 Summon Guardian Golem    Hex/Summ       ##......     21%         3    N/A
 Summon Ice Beast         Ice/Summ       ##......     56%         4    N/A
 Summon Lightning Spire   Summ/Air       ##......     56%         4    N/A

Dungeon Overview and Level Annotations

Branches:
Dungeon (2/15)

Altars:
Gozag

Annotations:
D:2 Sigmund


Innate Abilities, Weirdness & Mutations

You do not eat.
Your natural rate of healing is unusually fast.
You have razor-sharp teeth.
You have supernaturally acute eyesight. (SInv)
You can survive without breathing.


Message History

Sigmund hits you from afar with a +0 scythe of slicing!
Sigmund points at you and mumbles some strange words.
The puff of flame hits your white imp!
Your white imp is burned terribly!
Sigmund hits you from afar with a +0 scythe of slicing.
What are your orders? t - Shout!
Orders for allies: a - Attack new target. r - Retreat! s - Stop attacking. g - Guard the area. f - Follow me.
Anything else - Cancel.
Gang up on whom?
Press: ? - help, Dir - move target cursor, f - Sigmund
Aim: Sigmund, wielding a +0 scythe of slicing, wearing a +0 robe and carrying a wand of random effects (20) (slightly transparent) Attack!
Sigmund gestures at you while chanting. The magic dart hits your white imp!
Sigmund hits you from afar with a +0 scythe of slicing!
* * * LOW HITPOINT WARNING * * *
You die...

#
###.#.#.#.#.#.#.#.#.....##
#
#.................###÷#####
# ##.#.#.#.#.#.#.#.##
#.....# #
#...........÷...%.# ##.##.#
# ##.#.#>#.#.#.#.#.##
#.##.# #.................#
#.##.# ##.#.#.#.#.#.#.#.##
#.##.#
##########.#..#######
#.##.# ####...# #.#.@#
#.##.. .......# ##.#5.#
#.#### .......#####..@5.#
#.# .. ###.#............#
#.## ###.#....###...#.#
.... ...........##.##.#
#.## .####.####.##.##.# #
..... .##.##.# .. #.......#
##.##.# ###


You could see Sigmund (invisible) and 2 friendly white imps.

Vanquished Creatures
  An adder (D:2)
  An ooze (D:1)
  A worm (D:2)
  A dart slug (D:1)
  A leopard gecko (D:2)
  6 bats
  A giant cockroach (D:1)
  4 hobgoblins
  A kobold (D:1)
  3 frilled lizards
  4 goblins
  4 rats (D:1)
28 creatures vanquished.

Vanquished Creatures (collateral kills)
  2 adders (D:2)
  A worm (D:2)
  2 leopard geckos
  A ball python (D:1)
  2 bats (D:2)
  3 goblins (D:1)
  A hobgoblin (D:1)
12 creatures vanquished.

Grand Total: 40 creatures vanquished

Notes
Turn   | Place    | Note
-------+----------+-------------------------------------------
     0 | D:1      | nightchill the Vampire Summoner began the quest for the
                  | Orb.
     0 | D:1      | Reached XP level 1. HP: 13/13 MP: 3/3
   416 | D:1      | Reached XP level 2. HP: 20/20 MP: 5/5
   420 | D:1      | Learned a level 2 spell: Call Imp
   651 | D:1      | Reached skill level 1 in Fighting
  1120 | D:2      | Reached XP level 3. HP: 26/26 MP: 6/6
  1369 | D:2      | Reached skill level 5 in Summonings
  1443 | D:2      | Learned a level 3 spell: Call Canine Familiar
  1645 | D:2      | Noticed Sigmund
  1648 | D:2      | Found an opulent altar of Gozag.
  1671 | D:2      | Slain by Sigmund

Levels and vault maps discovered:
D:1:      matt_arrival_refuge, layout_loops_ring
D:2:      layout_loops_ring, old_standard_altar, st_stairs_11, uniq_sigmund

Skill      XL: |  1  2  3 |
---------------+----------+-----
Fighting       | 1 |  1.5
Summonings     | 5 |  5.1
Dodging        | |  2.1
Stealth        | |  3.0
Spellcasting   | |  2.0

Action                   || total
-------------------------++-------
Melee: Club              ||    30
       Unarmed           ||     6
       Bite              ||     7
       Whip              ||   105
 Cast: Summon Small Mamm ||    11
       Call Imp          ||    15
 Stab: Sleeping          ||     7
       Distracted        ||     1
Armor: Robe              ||    46
Dodge: Dodged            ||   117
